 Seeded DCSS version 0.29.1-12-g30fa7ad0bf (webtiles) character file.

Game seed: 20230106 (custom seed)

5721 stormannn the Thaumaturge (level 10, -1/63 HPs)
             Began as a Mummy Ice Elementalist on Jan 6, 2023.
             Was a Believer of Sif Muna.
             Killed from afar by an acid dragon (40 damage)
             ... with a splash of acid
             ... on level 8 of the Dungeon.
             The game lasted 01:04:36 (12452 turns).

stormannn the Thaumaturge (Mummy Ice Elementalist) Turns: 12452, Time: 01:04:50

Health: -1/63      AC:  4    Str:  8    XL:     10   Next: 48%
Magic:  9/23       EV: 12    Int: 28    God:    Sif Muna [**....]
Gold:   624        SH:  0    Dex: 14    Spells: 14/27 levels left

rFire   . . .      SeeInvis .   o - +11 falchion of the Noxious God {flame, rPois Will+ Str-3 Int+4}
rCold   . . .      Faith    .   (no shield)
rNeg    + + +      Spirit   .   a - +0 robe
rPois   ∞          Reflect  .   (no helmet)
rElec   .          Harm     .   q - scarf {+Inv}
rCorr   .          Rampage  .   f - +1 pair of gloves
Will    ++...                   (no boots)
Stlth   ++++......              (no amulet)
HPRegen 0.20/turn               h - ring of fire
MPRegen 0.18/turn               l - +6 ring of intelligence

@: no status effects
A: cold resistance 1, negative energy resistance 3, torment resistance 2, heat
vulnerability 1, in touch with death 1, no potions
a: Renounce Religion, Evoke Invisibility, Channel Magic


You were on level 8 of the Dungeon.
You worshipped Sif Muna.
Sif Muna was pleased with you.
You visited 2 branches of the dungeon, and saw 9 of its levels.
You also visited: Bailey.

You collected 624 gold pieces.

Inventory:

Hand Weapons
 o - the +11 falchion of the Noxious God (weapon) {flame, rPois Will+ Str-3 Int+4}
   (You found it on level 6 of the Dungeon)

   It burns those it strikes, dealing additional fire damage.
   Big, fiery blades are also staple armaments of hydra-hunters.
   Str:       It affects your strength (-3).
   Int:       It affects your intelligence (+4).
   rPois:     It protects you from poison.
   Will:      It increases your willpower.
 p - a +2 dagger of venom
 s - the +5 quarterstaff "Boqe Pue" {vorpal, rC- Int+5}
   (You found it on level 7 of the Dungeon)

   It inflicts extra damage upon your enemies.
   Int:       It affects your intelligence (+5).
   rC:        It makes you vulnerable to cold.
 y - the +7 sling of Distant Worlds {vorpal, rC+ rN+ Dex+5 Stlth-}
   (You found it on level 7 of the Dungeon)

   Any ammunition fired from it inflicts extra damage upon your enemies.
   Dex:       It affects your dexterity (+5).
   rC:        It protects you from cold.
   rN:        It protects you from negative energy.
   Stlth:     It makes you less stealthy.
Missiles
 b - 44 stones (quivered)
 e - 5 silver javelins
 k - 4 atropa-tipped darts
 n - 30 poisoned darts
 t - 10 curare-tipped darts
 v - 3 silver boomerangs
 w - 4 datura-tipped darts
Armour
 a - a +0 robe (worn)
 f - a +1 pair of gloves (worn)
 j - an orb of mayhem
 q - a scarf of invisibility (worn)
Jewellery
 c - a ring of protection from cold
 h - a ring of fire (left hand)
 i - a ring of ice
 l - a +6 ring of intelligence (right hand)
 u - a ring of resist corrosion
 B - a +4 ring of protection
Wands
 g - a wand of mindburst (1)
Scrolls
 d - a scroll of magic mapping
 m - 5 scrolls of teleportation
 r - a scroll of identify
 x - a scroll of poison


   Skills:
 - Level 1.5 Dodging
 + Level 8.1 Stealth
 + Level 9.1 Spellcasting
 + Level 4.6 Conjurations
 + Level 4.7 Hexes
 + Level 7.3 Ice Magic


You had 14 spell levels left.
You knew the following spells:

 Your Spells              Type           Power      Damage    Failure   Level
a - Freeze                Ice            100%       1d11      1%          1
b - Frozen Ramparts       Ice            100%       1d16      1%          3
c - Ozocubu's Armour      Ice            52%        N/A       1%          3
d - Ensorcelled Hibernat  Hex/Ice        92%        N/A       1%          2
e - Fulminant Prism       Conj/Hex       19%        3d11      6%          4

Your spell library contained the following spells:

 Spells                   Type           Power      Damage    Failure   Level
 Magic Dart               Conj           100%       1d8       1%          1
 Searing Ray              Conj           76%        2d7       1%          2
 Hailstorm                Conj/Ice       46%        3d11      3%          4
 Passwall                 Tmut/Erth      10%        N/A       7%          2
 Swiftness                Air            12%        N/A       13%         3


Dungeon Overview and Level Annotations

Branches:
Dungeon (8/15)             Temple (1/1) D:4          Bailey (visited)
   Lair: D:8-11

Altars:
Ashenzari
Cheibriados
Dithmenos
Gozag
Hepliaklqana
Makhleb
Nemelex Xobeh
Okawaru
Qazlal
Ru
Sif Muna
Trog
Uskayaw
Vehumet
Wu Jian
Yredelemnul

Shops:
D:1 (   D:5 *

Annotations:
D:3 Sigmund
D:4 1 runed translucent door, booth's ghost, amateur TrGl
D:7 2 transporters, Maggie; ctx's ghost, novice MeEE


Innate Abilities, Weirdness & Mutations

You are immune to poison.
Your flesh is cold resistant. (rC+)
You are immune to negative energy. (rN+++)
You are immune to unholy pain and torment.
You are vulnerable to heat. (rF-)
You are in touch with the powers of death.
You do not drink.


Message History

The wight is heavily damaged.
The wight throws a stone.
The stone closely misses you.
Your fulminant prism explodes!
The blast of energy engulfs the wight!
You destroy the wight!
Sif Muna accepts your kill.
You start resting.
HP restored.
You start resting.
An acid dragon comes into view.
Casting: Fulminant Prism (dangerous; 6% risk of failure)
Confirm with . or Enter, or press ? or * to list all spells.
Aiming: Fulminant Prism (dangerous; 6% risk of failure)
Press: ? - help, Dir - move target You conjure a prism of explosive energy!
A fulminant prism comes into view.
The acid dragon spits acid at you. The splash of acid hits you!!
Your fulminant prism crackles loudly.
Items here: )) [[.
Your fulminant prism explodes!
b - 44 stones (gained 3)
You see here a +0 club.
Items here: )) [[.
Casting: Fulminant Prism (dangerous; 6% risk of failure)
Confirm with . or Enter, or press ? or * to list all spells.
Aiming: Fulminant Prism (dangerous; 6% risk of failure)
Press: ? - help, Dir - move target You conjure a prism of explosive energy!
A fulminant prism comes into view.
Casting: Fulminant Prism (dangerous; 6% risk of failure)
Confirm with . or Enter, or press ? or * to list all spells.
Aiming: Ensorcelled Hibernation (safe; 1% risk of failure)
Press: ? - help, Shift-Dir - straight line, f - acid dragon
Aim: an acid dragon (severely wounded, ally target, chance to affect: 69%)
The acid dragon struggles to resist.
The acid dragon spits acid at you. The splash of acid hits you!!!
Ouch! That really hurt!
You die...

#.###.#[#.#.####.#
#.# #............#
###.###.#####.######
#....!..#####.#
#.#...>.......#
#.#.###.#########
#.#....#.........
#.#.###[#########
#.#....)@<).....#
........))######.#
...#.###.(#
...#...D.... ..
...)^*.)... ...
#.....$..###
.........#
#........#
#........#


You could see an acid dragon (catching breath, ally target) and a friendly
fulminant prism.

Vanquished Creatures
  A two-headed ogre (D:8)
  Pikel (D:7)
  7 yaks (D:8)
  2 steam dragons (D:8)
  Menkaure (D:7)
  2 orc warriors (Bailey)
  3 black bears
  2 ogres
  2 centaurs (D:8)
  A lemure (D:7)
  8 kobold brigands
  6 bullfrogs
  2 necrophages
  2 scorpions (D:5)
  5 wights (D:8)
  A killer bee (D:8)
  A howler monkey (D:8)
  4 jellies
  4 hounds
  4 orc priests
  Crazy Yiuf (D:6)
  3 iguanas
  6 orc wizards
  12 gnolls
  13 adders
  3 white imps
  An ufetubus (D:7)
  4 worms
  19 orcs
  4 ball pythons
  3 endoplasms
  A giant cockroach (D:3)
  11 goblins
  6 hobgoblins
  2 jackals (D:1)
  20 kobolds
  4 quokkas
  6 bats
  A frilled lizard (D:1)
  4 rats
183 creatures vanquished.

Vanquished Creatures (others)
  An orc (D:8)
  13 fulminant prisms (D:8)
  9 fungi (D:5)
23 creatures vanquished.

Grand Total: 206 creatures vanquished

Notes
Turn   | Place    | Note
-------+----------+-------------------------------------------
     0 | D:1      | stormannn the Mummy Ice Elementalist began the quest for
                  | the Orb.
     0 | D:1      | Reached XP level 1. HP: 13/13 MP: 4/4
   454 | D:1      | Reached XP level 2. HP: 14/19 MP: 2/5
   586 | D:1      | Reached skill level 3 in Spellcasting
   645 | D:1      | Found Yppos's Weapon Shop.
  1298 | D:2      | Found a faded altar of an unknown god.
  1350 | D:1      | Gained mutation: You are in touch with the powers of death.
                  | [Mummy growth]
  1350 | D:1      | Reached XP level 3. HP: 24/24 MP: 3/7
  1504 | D:2      | Learned a level 3 spell: Frozen Ramparts
  1508 | D:2      | Learned a level 3 spell: Ozocubu's Armour
  2285 | D:2      | Reached XP level 4. HP: 30/30 MP: 3/9
  3407 | D:3      | Found a shadowy altar of Dithmenos.
  3407 | D:3      | Found a bloodstained altar of Trog.
  3500 | D:3      | Reached XP level 5. HP: 35/35 MP: 7/10
  3659 | D:3      | Reached skill level 4 in Spellcasting
  4137 | D:3      | Noticed Sigmund
  4181 | D:4      | Noticed booth's ghost (amateur TrGl)
  4293 | D:4      | Found a runed translucent door.
  4325 | D:4      | Reached skill level 1 in Hexes
  4351 | D:4      | Reached skill level 1 in Conjurations
  4392 | D:4      | Found a staircase to the Ecumenical Temple.
  4401 | D:4      | Reached XP level 6. HP: 39/41 MP: 9/12
  4403 | Temple   | Entered the Ecumenical Temple
  4494 | Temple   | Became a worshipper of Sif Muna the Loreminder
  5106 | D:4      | Learned a level 2 spell: Ensorcelled Hibernation
  5107 | D:5      | Entered Level 5 of the Dungeon
  5283 | D:5      | Reached XP level 7. HP: 25/46 MP: 9/13
  5548 | D:5      | Found Gozag's Platinum Reserve.
  5664 | D:5      | Found an opulent altar of Gozag.
  6753 | D:5      | Reached * piety under Sif Muna
  7332 | D:6      | Reached XP level 8. HP: 52/52 MP: 7/14
  7724 | D:6      | Found a runed translucent door.
  7725 | D:6      | Noticed Crazy Yiuf
  7782 | D:6      | Reached skill level 5 in Stealth
  7870 | D:6      | Identified the +11 falchion of the Noxious God {flame,
                  | rPois Will+ Str-3 Int+4}
  8183 | D:6      | Killed Crazy Yiuf
  8344 | D:7      | Noticed ctx's ghost (novice MeEE)
  8348 | D:7      | Identified the +5 quarterstaff "Boqe Pue" {vorpal, rC-
                  | Int+5}
  8468 | D:7      | Noticed Maggie
  8486 | D:7      | Found a radiant altar of Vehumet.
  8522 | D:7      | Found a flagged portal.
  8541 | Bailey   | Entered a bailey
  8660 | Bailey   | Reached skill level 5 in Spellcasting
  8660 | Bailey   | Reached skill level 5 in Ice Magic
  9376 | Bailey   | Reached skill level 6 in Spellcasting
  9376 | Bailey   | Reached XP level 9. HP: 29/57 MP: 11/18
  9780 | Bailey   | Found a bloodstained altar of Trog.
  9893 | D:7      | Found a transporter.
  9902 | D:7      | Found a transporter.
  9958 | D:7      | Noticed Menkaure
  9967 | D:7      | Killed Menkaure
 10248 | D:7      | Noticed Pikel
 10377 | D:7      | Killed Pikel
 10378 | D:7      | Reached skill level 7 in Spellcasting
 10417 | D:7      | Identified the +7 sling of Distant Worlds {vorpal, rC+ rN+
                  | Dex+5 Stlth-}
 10903 | D:8      | Reached skill level 8 in Spellcasting
 11004 | D:8      | Reached XP level 10. HP: 63/63 MP: 19/22
 11059 | D:8      | Learned a level 4 spell: Fulminant Prism
 11204 | D:8      | Reached ** piety under Sif Muna
 11363 | D:8      | Noticed a two-headed ogre
 11383 | D:8      | Killed a two-headed ogre
 11514 | D:8      | Noticed a lindwurm
 11597 | D:8      | HP: 2/63 [centaur/arrow (13)]
 11946 | D:8      | Reached skill level 9 in Spellcasting
 12452 | D:8      | Killed from afar by an acid dragon

Illustrated notes

Levels and vault maps discovered:
D:1:      dpeg_arrival_stone_temple_mockup, layout_basic, serial_shops,
          nicolae_shop_statue_plus, corner_web_ring, minmay_pentomino_t2
D:2:      layout_loops_corners, hellmonk_ecumenical_altar_pennies_from_heaven
D:3:      layout_rooms, gammafunk_temple_overflow_wave,
          nicolae_concentric_dashed_squares_mild, nrook_mini_backslash,
          uniq_sigmund
D:4:      layout_rooms, minmay_temple_entry_sparse_star,
          hellmonk_ghost_happy_afterlife
D:5:      layout_basic, nicolae_gozag_zags_fifth_avenue, serial_aquarium,
          aquarium_bridge_long_separate [aquarium_subvault_wall,
          aquarium_subvault_window, aquarium_subvault_bridge,
          aquarium_subvault_balcony, aquarium_subvault_balcony,
          aquarium_subvault_bridge], aquarium_bridge_square
          [aquarium_subvault_bridge, aquarium_subvault_wall,
          aquarium_subvault_window, aquarium_subvault_bridge],
          aquarium_window_2, aquarium_window_1, aquarium_view_2c,
          aquarium_view_2f, aquarium_balcony_double_4,
          hangedman_decor_clover_reticule
D:6:      layout_basic, chequers_serial_rivers_room_a, uniq_crazy_yiuf_cottage
D:7:      layout_cave_pods, nicolae_vehumet_radiance, gammafunk_ghost_arena,
          enter_bailey_3, uniq_maggie, uniq_joseph, uniq_menkaure, uniq_pikel
D:8:      cheibrodos_ideogram_h, layout_loops_ring
Temple:   hellmonk_temple_two_chambers

Skill      XL: |  1  2  3  4  5  6  7  8  9 10 |
---------------+-------------------------------+-----
Spellcasting   | 3 4 6 8 9 |  9.1
Stealth        | 2 3 4 6 7 8 |  8.1
Ice Magic      | 4 5 6 7 |  7.3
Hexes          | 1 2 4 |  4.7
Conjurations   | 1 2 3 4 |  4.6
Dodging        | |  1.5

Action                   |  1- 3 |  4- 6 |  7- 9 | 10-12 || total
-------------------------+-------+-------+-------+-------++-------
Melee: Whip              |     6 |       |       |       ||     6
       Flail             |       |     5 |       |       ||     5
       Dagger            |       |     3 |     6 |       ||     9
       Falchion          |       |       |     1 |       ||     1
Throw: Stone             |       |       |    29 |     3 ||    32
       Dart              |       |       |    52 |    14 ||    66
       Javelin           |       |       |    10 |       ||    10
       Boomerang         |       |       |     3 |       ||     3
 Cast: Freeze            |    64 |    78 |   160 |    23 ||   325
       Frozen Ramparts   |     2 |     4 |    24 |     5 ||    35
       Ozocubu's Armour  |       |     1 |     1 |       ||     2
       Ensorcelled Hiber |       |       |     7 |     2 ||     9
       Fulminant Prism   |       |       |       |    14 ||    14
Evoke: Wand              |       |       |     2 |       ||     2
  Use: Scroll            |     3 |     4 |     8 |     3 ||    18
 Stab: Sleeping          |     1 |     4 |     3 |       ||     8
Armor: Robe              |     8 |    10 |    27 |     5 ||    50
Dodge: Dodged            |    34 |    38 |    95 |    21 ||   188
